 Dungeon Crawl Stone Soup version 0.24.1-14-gf8d2b509d9 (webtiles) character file.

Game seed: 16296861354745888875, levelgen mode: deterministic

644847 TittyCrusher the Heavyweight Champion (level 27, -1/258 HPs)
             Began as a Troll Fighter on Apr 23, 2024.
             Was the Champion of Cheibriados.
             Killed from afar by an orb of fire (28 damage)
             ... with a bolt of fire
             ... on level 5 of the Realm of Zot on Apr 24, 2024.
             The game lasted 04:23:31 (57324 turns).

TittyCrusher the Heavyweight Champion (TrFi)       Turns: 57324, Time: 04:23:32

Health: -1/258     AC: 18    Str: 45    XL:     27
Magic:  22/33      EV: 46    Int: 18    God:    Cheibriados [******]
Gold:   392        SH: 15    Dex: 32    Spells: 6/37 levels left

rFire    + . .     SeeInvis .     - Unarmed
rCold    + . .     Gourm    +   j - +0 shield {AC+3}
rNeg     . . .     Faith    .   Q - +0 troll leather armour
rPois    .         Spirit   .   R - +2 hat
rElec    .         Reflect  .   H - scarf {rC+ rF+}
rCorr    .         Harm     .   (gloves unavailable)
MR       ++++.                  (boots unavailable)
Stlth    +.........             O - amulet of Free Expression {Acrobat MR++ Dex+4 Stlth-}
HPRegen  1.33/turn              U - +6 ring of protection
MPRegen  0.23/turn              N - ring of Phasing {EV+8}

@: acrobat, studying Throwing, very slow
A: large, unfitting armour, claws 3, blurry vision 1, clumsy 1, deformed body,
dopey 1, fast metabolism 3, gourmand, regeneration 1, shaggy fur 1, tough skin
3, weak 2, subdued magic 1
}: 3/15 runes: decaying, silver, gossamer
a: Bend Time, Temporal Distortion, Slouch, Step From Time, Renounce Religion


You were on level 5 of the Realm of Zot.
You worshipped Cheibriados.
Cheibriados was exalted by your worship.
You were full.

You visited 11 branches of the dungeon, and saw 53 of its levels.
You also visited: Sewer and Ice Cave.

You collected 8995 gold pieces.
You spent 8603 gold pieces at shops.

Inventory:

Missiles
 u - 82 large rocks (quivered)
Armour
 j - a +0 shield of protection (worn)
 H - a scarf of resistance (worn)
 Q - a +0 troll leather armour (worn)
 R - a +2 hat (worn)
 Y - a +2 robe of magic resistance
Magical Staves
 b - an uncursed staff of wizardry
Jewellery
 c - the ring of the Fool {rF+ rC+}
   (You found it on level 2 of the Lair of Beasts)

   [ring of protection from cold]

   It protects you from fire.
   It protects you from cold.
 e - an uncursed ring of see invisible
 h - an uncursed ring of protection from fire
 A - the ring of Nunysud {rF+ rN+ Str+3}
   (You found it on level 2 of the Realm of Zot)

   [ring of positive energy]

   It affects your strength (+3).
   It protects you from fire.
   It protects you from negative energy.
 D - an uncursed ring of protection from magic
 K - an uncursed ring of resist corrosion
 L - an uncursed amulet of regeneration
 N - the ring of Phasing (right claw) {EV+8}
   (You found it on level 15 of the Dungeon)

   [ring of evasion]

   It affects your evasion (+8).
 O - the amulet of Free Expression (around neck) {Acrobat MR++ Dex+4 Stlth-}
   (You found it on level 5 of the Vaults)

   [amulet of the acrobat]

   It helps you evade while moving and waiting.
   It affects your dexterity (+4).
   It affects your resistance to hostile enchantments.
   It makes you less stealthy.
 U - a +6 ring of protection (left claw)
 Z - an uncursed amulet of faith
Wands
 i - a wand of iceblast (89)
 n - a wand of digging (9)
 I - a wand of acid (41)
 X - a wand of disintegration (13)
Scrolls
 f - 12 scrolls of magic mapping
 l - 8 scrolls of fog
 o - 6 scrolls of immolation
 r - 9 scrolls of blinking
 t - 25 scrolls of remove curse
 v - 21 scrolls of teleportation
 x - 3 scrolls of enchant armour
 y - 9 scrolls of fear
 B - 9 scrolls of vulnerability
 G - 2 scrolls of silence
 T - 3 scrolls of holy word
Potions
 a - 7 potions of invisibility
 g - 6 potions of mutation
 k - 14 potions of curing
 m - 9 potions of flight
 p - 5 potions of might
 z - 9 potions of magic
 C - 2 potions of agility
 E - 5 potions of cancellation
 J - 7 potions of brilliance
 M - 7 potions of resistance
 P - 3 potions of lignification
 S - 7 potions of ambrosia
 V - 4 potions of heal wounds
Books
 q - a manual of Throwing
Miscellaneous
 s - a lightning rod (4/4)
 w - a fan of gales
 F - a lamp of fire
Comestibles
 d - 115 rations


   Skills:
 - Level 12.7 Fighting
 - Level 8.0 Armour
 - Level 12.0 Dodging
 - Level 9.0 Shields
 O Level 27 Unarmed Combat
 - Level 5.7 Spellcasting
 - Level 3.9 Charms
 - Level 6.0 Summonings
 - Level 5.8 Translocations
 - Level 14.1 Transmutations
 + Level 18.6 Earth Magic
 - Level 15.9 Invocations
 - Level 5.1 Evocations


You had 6 spell levels left.
You knew the following spells:

 Your Spells              Type           Power        Failure   Level  Hunger
a - Blink                 Tloc           N/A          1%          2    None
b - Song of Slaying       Chrm           ##......     2%          2    None
c - Statue Form           Tmut/Erth      #####....    1%          6    #######
d - Confusing Touch       Hex            #.....       11%         1    None
e - Regeneration          Chrm/Necr      #.........   14%         3    ##.....
f - Apportation           Tloc           ###...       1%          1    None
g - Summon Butterflies    Summ           ###.....     1%          1    None
h - Passage of Golubria   Tloc           N/A          10%         4    ####...
i - Passwall              Tmut/Erth      #####...     0%          2    None
j - Shatter               Erth           ######....   99%         9    #######

Your spell library contained the following spells:

 Spells                   Type           Power        Failure   Level  Hunger
 Beastly Appendage        Tmut           #####.       1%          1    None
 Infusion                 Chrm           ##..         1%          1    None
 Summon Small Mammal      Summ           ###.         1%          1    None
 Call Imp                 Summ           ###.....     1%          2    None
 Shroud of Golubria       Chrm/Tloc      ###...       1%          2    None
 Sticks to Snakes         Tmut           #####...     1%          2    None
 Spider Form              Tmut/Pois      ###.......   1%          3    ##.....
 Leda's Liquefaction      Hex/Erth       ####......   1%          4    ####...
 Petrify                  Tmut/Erth      #####...     1%          4    ####...
 Blade Hands              Tmut           #####.....   1%          5    #####..
 Lee's Rapid Deconstruct  Erth           ######....   1%          5    #####..
 Call Canine Familiar     Summ           ###.....     2%          3    ##.....
 Gell's Gravitas          Tloc           ###.......   2%          3    ##.....
 Recall                   Summ/Tloc      N/A          2%          3    ##.....
 Ignite Poison            Fire/Tmut/Pois ###.....     4%          3    ##.....
 Hydra Form               Tmut           #####.....   4%          6    #######
 Ice Form                 Ice/Tmut       ###.....     5%          4    ####...
 Borgnjor's Vile Clutch   Necr/Erth      ####......   6%          5    #####..
 Swiftness                Chrm/Air       #.......     7%          2    None
 Summon Guardian Golem    Hex/Summ       ##......     9%          3    ##.....
 Portal Projectile        Hex/Tloc       ##....       10%         3    ##.....
 Animate Skeleton         Necr           N/A          11%         1    None
 Corona                   Hex            #......      11%         1    None
 Flame Tongue             Conj/Fire      #....        11%         1    None
 Freeze                   Ice            #...         11%         1    None
 Magic Dart               Conj           #...         11%         1    None
 Pain                     Necr           #...         11%         1    None
 Sting                    Conj/Pois      #...         11%         1    None
 Spectral Weapon          Hex/Chrm       #.......     14%         3    ##.....
 Searing Ray              Conj           #.....       16%         2    None
 Slow                     Hex            #.......     16%         2    None
 Sublimation of Blood     Necr           #.........   16%         2    None
 Throw Flame              Conj/Fire      #.....       16%         2    None
 Alistair's Intoxication  Tmut/Pois      ###.....     16%         5    #####..
 Irradiate                Conj/Tmut      ###.......   16%         5    #####..
 Yara's Violent Unravell  Hex/Tmut       ###.......   16%         5    #####..
 Aura of Abjuration       Summ           ###.......   24%         5    #####..
 Bolt of Magma            Conj/Fire/Erth ###.......   24%         5    #####..
 Summon Demon             Summ           ###.......   24%         5    #####..
 Summon Forest            Summ/Tloc      ###.......   26%         5    #####..
 Confuse                  Hex            #.......     32%         3    ##.....
 Conjure Flame            Conj/Fire      #.......     32%         3    ##.....
 Dazzling Spray           Conj/Hex       #.....       32%         3    ##.....
 Inner Flame              Hex/Fire       #.......     32%         3    ##.....
 Mephitic Cloud           Conj/Pois/Air  #.......     32%         3    ##.....
 Static Discharge         Conj/Air       #.......     32%         3    ##.....
 Vampiric Draining        Necr           #.........   32%         3    ##.....
 Force Lance              Conj/Tloc      ##......     32%         4    ####...
 Summon Ice Beast         Ice/Summ       ##......     32%         4    ####...
 Summon Lightning Spire   Summ/Air       ##......     32%         4    ####...
 Iron Shot                Conj/Erth      ####......   34%         6    #######
 Summon Mana Viper        Hex/Summ       ##......     67%         5    #####..
 Animate Dead             Necr           N/A          73%         4    ####...
 Cause Fear               Hex            #.........   73%         4    ####...
 Fulminant Prism          Conj/Hex       #.........   73%         4    ####...
 Iskenderun's Mystic Bla  Conj           #.......     73%         4    ####...
 Olgreb's Toxic Radiance  Pois           #.......     73%         4    ####...
 Throw Icicle             Conj/Ice       #.......     73%         4    ####...
 Iskenderun's Battlesphe  Conj/Chrm      #.......     82%         5    #####..
 Shadow Creatures         Summ           N/A          82%         6    #######
 Fireball                 Conj/Fire      #.........   97%         5    #####..
 Lightning Bolt           Conj/Air       #.........   97%         5    #####..
 Metabolic Englaciation   Hex/Ice        #.........   97%         5    #####..
 Silence                  Hex/Air        #.........   97%         5    #####..
 Venom Bolt               Conj/Pois      #.........   97%         5    #####..
 Bolt of Fire             Conj/Fire      #.........   100%        6    #######
 Darkness                 Hex            #.........   100%        6    #######
 Death Channel            Necr           #.........   100%        6    #######
 Deflect Missiles         Chrm/Air       #.........   100%        6    #######
 Invisibility             Hex            #.......     100%        6    #######
 Simulacrum               Ice/Necr       #.........   100%        6    #######
 Dragon Form              Tmut           #####.....   28%         7    #######
 Malign Gateway           Summ/Tloc      ###.......   100%        7    #######
 Monstrous Menagerie      Summ           ###.......   100%        7    #######
 Orb of Destruction       Conj           #.........   100%        7    #######
 Ring of Flames           Chrm/Fire      #.........   100%        7    #######
 Spellforged Servitor     Conj/Summ      ##........   100%        7    #######
 Summon Greater Demon     Summ           ###.......   100%        7    #######
 Discord                  Hex            #.........   100%        8    #######
 Ignition                 Fire           #.........   100%        8    #######
 Summon Horrible Things   Summ           ###.......   100%        8    #######
 Dragon's Call            Summ           ###.......   100%        9    #######
 Tornado                  Air            #.........   100%        9    #######


Dungeon Overview and Level Annotations

Branches:
Dungeon (15/15)            Temple (1/1) D:6            Lair (6/6) D:9
  Swamp (4/4) Lair:2       Spider (4/4) Lair:2        Slime (0/5) Lair:5
    Orc (2/2) D:9             Elf (3/3) Orc:2        Vaults (5/5) D:13
  Crypt (3/3) Vaults:2       Tomb (0/3) Crypt:3      Depths (5/5) D:15
    Zot (5/5) Depths:5      Sewer (visited)           IceCv (visited)

Altars:
Cheibriados
Dithmenos
Elyvilon
Fedhas
Gozag
Kikubaaqudgha
Makhleb
Nemelex Xobeh
Okawaru
Qazlal
Ru
Sif Muna
Trog
Uskayaw
Vehumet
Wu Jian
Xom
Yredelemnul
Zin
The Shining One
Lugonu

Shops:
D:12 *   D:13 ?!}=   Orc:2 }:}   Elf:1 *   Elf:2 :   Vaults:1 ?   Vaults:2 ?
Vaults:3 }   Vaults:5 =}   Depths:4 [

Portals:
Hell: Depths:1 Depths:2 Depths:3 Depths:4 Depths:5
Abyss: Depths:2 Depths:3 Depths:4
Pandemonium: Depths:2 Depths:3 Depths:5
Ziggurat: Depths:1

Annotations:
Zot:2 exclusion: downstairs
Zot:3 exclusion: downstairs
Zot:5 exclusions: orange crystal statue and 1 more exclusion


Innate Abilities, Weirdness & Mutations

You are too large for most types of armour.
You have claws for hands.
Your metabolism is lightning-fast.
You like to eat raw meat.
Your natural rate of healing is unusually fast.
You are covered in fur. (AC +1)
You have extremely tough skin. (AC +3)
Scrolls take you a little longer to read.
You are clumsy. (Dex -2)
Armour fits poorly on your strangely shaped body.
You are dopey. (Int -2)
You are very weak. (Str -4)
Your spells are a little easier to cast, but a little less powerful.


Message History

The fireball explodes!
The fireball engulfs you!! You resist.
* * * LOW HITPOINT WARNING * * *
The fireball engulfs the orb of fire.
The orb of fire completely resists.
The fireball engulfs the orb of fire.
The orb of fire completely resists.
The fireball engulfs the orb of fire.
The orb of fire completely resists.
The orb of fire emits a lurid red light.
The bolt of fire misses you.
The orb of fire glows red.
Strange energies course through your body.
You feel a little more calm.
Okay, then.
You revert to your normal fleshy form.
Your +0 troll leather armour unmelds from your body.
The ancient lich gestures at you while chanting.
The bolt of acid misses you.
The bolt of acid hits the orb of fire!!
The orb of fire is splashed with acid!
The Killer Klown blinks!
The orb of fire glows red.
The bolt of fire hits the orb of fire.
The orb of fire completely resists.
The bolt of fire hits you!! You resist.
You die...

#.# ### ##▓▓▓▓############### #.#
..###......<..............
#.##.......###.X..............#
...........# #................#
...........# #..##X...........#
#..........###..##*z..........#
#.⌠.........L...@**§..........#
#)..............##X..)......^.#
.[..............##............##.
[)........#....###.........^⌠....
####...#####..###................
# #...####..###......###.......#
####....##..###..#...###.......##
...........###..##..###†......##
............#..##..###.......##


You could see 3 orbs of fire, an ancient lich, a death cob and 2 Orb Guardians.

Vanquished Creatures
  3 orbs of fire
  Mennas (Vaults:5)
  4 juggernauts (Depths:4)
  Sojobo (Depths:2)
  A caustic shrike (Depths:3)
  6 curse toes
  14 golden dragons
  2 bone dragons
  A profane servitor (Crypt:3)
  7 liches
  The ghost of tamionv the Party-goer, an adept GrFi of Uskayaw (Vaults:3)
  16 tentacled monstrosities
  Rupert (Vaults:1)
  Asterion (Vaults:1)
  5 titans
  2 deep elf blademasters (Elf:3)
  Frances (Swamp:2)
  A sphinx (shapeshifter) (Vaults:5)
  18 quicksilver dragons
  3 thorn hunters
  Agnes (D:14)
  The ghost of xzight the Severer, an adept MiBe of Trog (Swamp:3)
  The ghost of Ricegish the Blocker, an adept GnFi of Okawaru (Swamp:3)
  4 death cobs
  4 sphinxes
  6 draconian monks
  4 ancient champions
  12 storm dragons
  10 tengu reavers
  Roxanne (D:14)
  11 shadow dragons
  19 fire giants
  Donald (Spider:3)
  8 frost giants
  5 ghost moths
  2 revenants (Crypt:2)
  7 deep elf sorcerers
  15 vault wardens
  6 iron dragons
  5 draconian scorchers
  An orc warlord (Vaults:5)
  4 emperor scorpions (Spider:4)
  11 ironheart preservers
  8 draconian knights
  A draconian shifter (Zot:1)
  15 ghouls
  A draconian stormcaller (Zot:5)
  4 curse skulls
  6 deep elf elementalists
  6 draconian annihilators
  23 very ugly things
  3 spriggan defenders
  A reaper (Crypt:2)
  20 stone giants
  6 entropy weavers
  3 war gargoyles (Vaults:5)
  7 green draconians
  14 white draconians
  9 deep elf demonologists
  14 black draconians
  A dire elephant (D:15)
  7 vampire knights
  14 purple draconians
  10 red draconians
  14 deep elf annihilators
  12 spark wasps
  7 eidola
  7 yellow draconians
  A merfolk javelineer (Depths:1)
  2 small abominations
  A mummy priest (Crypt:3)
  18 ettins
  14 deep elf death magi
  5 jiangshi (Crypt:2)
  19 yaktaur captains
  10 great orbs of eyes
  9 fire dragons
  3 rakshasas
  A merfolk impaler (Depths:1)
  6 deep elf high priests
  2 spriggan air magi
  A ghost crab (Swamp:3)
  14 ice dragons
  A monstrous demonspawn (Depths:3)
  33 vault guards
  A hell beast (Depths:3)
  19 hydras
  A catoblepas (shapeshifter) (Vaults:5)
  9 death knights
  A catoblepas (D:12)
  23 two-headed ogres
  Erica (D:8)
  7 ogre magi
  8 tengu warriors
  A shambling mangrove (Swamp:1)
  9 death yaks
  5 centaur warriors
  14 alligators
  A queen ant (Spider:2)
  18 deep troll shamans
  3 orc high priests (Orc:2)
  12 deep troll earth magi
  3 hell hogs (Depths:5)
  19 dancing weapons
  2 vampire magi (Crypt:2)
  10 spriggan berserkers
  A titan zombie (Crypt:3)
  24 deep elf knights
  27 skeletal warriors
  9 iron trolls
  The ghost of Kaysykka the Destroyer, a novice TeCj of the Shining One (D:9)
  A fire crab (Lair:6)
  A fire crab (shapeshifter) (Vaults:4)
  43 deep trolls
  A salamander mystic (Depths:2)
  A ghost moth zombie (Crypt:3)
  2 anaconda zombies (Crypt:3)
  5 shadow wraiths
  5 hell knights
  A storm dragon skeleton (Crypt:1)
  3 swamp dragons
  5 flayed ghosts
  The ghost of filthincarnate the Martial Artist, a novice OpTm of Dithmenos (D:7)
  12 ironbrand convokers
  An unseen horror (D:12)
  21 deep elf archers
  6 glowing orange brains
  13 orb spiders
  A lindwurm (shapeshifter) (Depths:1)
  3 harpies (Vaults:3)
  22 phantasmal warriors
  40 ugly things
  5 necromancers
  The ghost of cstieg1 the Firebug, a novice DEFE of the Shining One (D:6)
  2 mana vipers (shapeshifter)
  5 oklob plants
  14 orc knights
  35 wolf spiders
  4 orc sorcerers
  72 deep elf magi
  A human zombie (Vaults:4)
  2 stone giant zombies (Crypt:3)
  A cyclops (shapeshifter) (Depths:4)
  A manticore (D:14)
  2 fire giant zombies (Crypt:3)
  25 moths of wrath
  5 cyclopes
  2 salamanders (Depths:2)
  3 rust devils
  Joseph (D:8)
  3 ice statues (IceCv)
  7 black mambas
  6 elephants
  9 apocalypse crabs (Zot:2)
  20 vault sentinels
  A torpor snail (Lair:4)
  3 molten gargoyles (Lair:6)
  A torpor snail (shapeshifter) (Depths:4)
  A spiny frog (shapeshifter) (Vaults:3)
  11 spiny frogs
  A smoke demon (Depths:3)
  An emperor scorpion zombie (Crypt:3)
  A hellion (Depths:5)
  3 kobold demonologists (D:14)
  4 rime drakes
  5 gargoyles
  A redback zombie (D:14)
  15 freezing wraiths
  11 komodo dragons
  3 guardian mummies (Crypt:3)
  40 yaktaurs
  17 demonic crawlers
  A grey draconian skeleton (Crypt:1)
  An ice devil (Depths:5)
  3 tengu conjurers
  A hellwing (Depths:5)
  A jumping spider (shapeshifter) (Vaults:5)
  3 meliai (D:13)
  A merfolk (D:15)
  2 polar bears
  4 trolls
  A hydra zombie (Crypt:3)
  20 hornets
  39 jumping spiders
  A sphinx simulacrum (Vaults:3)
  A hornet (shapeshifter) (Vaults:5)
  2 polar bears (shapeshifter)
  9 tyrant leeches
  4 dream sheep (Lair:4)
  An ettin zombie (Crypt:3)
  46 slime creatures
  10 bog bodies
  Grinder (D:6)
  A blink frog (shapeshifter) (Vaults:5)
  8 blink frogs
  A tarantella zombie (Crypt:2)
  An alligator zombie (Crypt:1)
  An ice dragon zombie (Crypt:1)
  A guardian serpent skeleton (Crypt:2)
  A hippogriff (shapeshifter) (Depths:3)
  11 hippogriffs
  2 air elementals
  57 redbacks
  10 flying skulls
  22 tarantellas
  Eustachio (D:4)
  4 shadows
  8 water elementals
  5 wyverns
  31 yaks
  A ynoxinul (Depths:5)
  A spriggan (shapeshifter) (Vaults:4)
  4 vampires
  11 wraiths
  8 spriggans
  3 basilisks (Lair:6)
  A black mamba skeleton (Crypt:1)
  A fire bat (shapeshifter) (Vaults:4)
  3 hungry ghosts
  A golden eye (shapeshifter) (Vaults:2)
  2 swamp worm simulacra (Swamp:4)
  A human (shapeshifter) (Elf:2)
  9 vampire mosquitoes
  Menkaure (D:6)
  A chaos spawn (Depths:3)
  9 insubstantial wisps
  12 swamp worms
  14 water moccasins
  3 acid dragons
  10 hell hounds
  9 wargs
  The ghost of cstieg1 the Firebug, an amateur DEFE of Cheibriados (D:4)
  A soldier ant (Spider:2)
  A floating eye (Depths:4)
  13 hydra simulacra (Swamp:4)
  A hornet zombie (D:15)
  13 ice beasts
  2 porcupines
  11 swamp drakes
  A spiny frog skeleton (Crypt:2)
  43 orc warriors
  3 sky beasts
  A snapping turtle zombie (Crypt:3)
  21 ogres
  2 black bears
  2 phantoms
  5 boggarts (Depths:3)
  A tengu (shapeshifter) (Vaults:5)
  16 necrophages
  17 centaurs
  An elephant skeleton (Crypt:2)
  13 crocodiles
  5 wolves (Lair:3)
  An octopode zombie (Crypt:2)
  A spectral wyvern (D:9)
  3 big kobolds
  19 bullfrogs
  2 wyvern zombies
  3 earth elementals
  A draconian skeleton (Crypt:1)
  7 wyvern skeletons (Crypt:3)
  A water moccasin skeleton (D:8)
  4 scorpions
  A human simulacrum (Vaults:4)
  10 killer bees
  An elf simulacrum (Vaults:4)
  12 wights
  A shapeshifter zombie (Crypt:1)
  A spectral centaur (D:9)
  7 howler monkeys
  19 crimson imps
  3 quasits
  4 centaur zombies
  4 lava snakes (Lair:6)
  3 bullfrog skeletons
  9 hounds
  8 centaur skeletons
  A human skeleton (Crypt:1)
  13 jellies
  18 orc priests
  24 orc wizards
  2 iron imps (Depths:3)
  4 iguanas
  7 worker ants
  An ogre zombie (Crypt:2)
  2 bullfrog simulacra (D:9)
  The ghost of SSird the Slasher, a weakling MiBe of Trog (D:4)
  A tengu zombie (Crypt:3)
  A crocodile skeleton (Crypt:1)
  2 hound zombies
  A hound skeleton (D:10)
  A howler monkey zombie (Crypt:2)
  9 gnolls
  16 adders
  2 shadow imps
  13 white imps
  An ufetubus (Depths:3)
  10 oozes (D:12)
  An ooze (shapeshifter) (Depths:4)
  6 swamp drake simulacra (Swamp:4)
  3 adder skeletons
  4 worms
  A barachi skeleton (Crypt:1)
  2 dart slugs (D:3)
  4 leopard geckos
  132 orcs
  6 giant cockroaches
  11 goblins
  13 hobgoblins
  11 jackals
  7 quokkas
  5 ball pythons
  5 bats
  7 frilled lizards
  33 kobolds
  An orc skeleton (Crypt:2)
  7 rats
  2 briar patches (Swamp:3)
  A crawling corpse (Vaults:5)
  A fungus (D:12)
  8 plants
  2 withered plants (Crypt:3)
2467 creatures vanquished.

Vanquished Creatures (others)
  An ogre mage (Vaults:4)
  A deep troll earth mage (Depths:5)
  A yaktaur (Depths:2)
  An orc warrior (Vaults:5)
  2 boggarts (Depths:3)
  An orc (Vaults:5)
  A briar patch (Swamp:3)
  7 fungi
  3 plants (Lair:5)
  18 withered plants
36 creatures vanquished.

Grand Total: 2503 creatures vanquished

Notes
Turn   | Place    | Note
-------+----------+-------------------------------------------
     0 | D:1      | TittyCrusher the Troll Fighter began the quest for the Orb.
     0 | D:1      | Reached XP level 1. HP: 22/22 MP: 0/0
   326 | D:1      | Reached XP level 2. HP: 29/29 MP: 1/1
   441 | D:1      | Reached skill level 3 in Unarmed Combat
   804 | D:2      | Found a faded altar of an unknown god.
  1001 | D:2      | Reached XP level 3. HP: 36/36 MP: 2/2
  1017 | D:2      | Found a bloodstained altar of Trog.
  1174 | D:2      | Reached skill level 4 in Unarmed Combat
  1551 | D:3      | Reached XP level 4. HP: 37/44 MP: 3/3
  2061 | D:4      | Found an opulent altar of Gozag.
  2094 | D:4      | Found a runed translucent gate.
  2097 | D:4      | Found a runed translucent gate.
  2097 | D:4      | Found a runed translucent gate.
  2099 | D:4      | Noticed cstieg1's ghost (amateur DEFE)
  2099 | D:4      | Noticed SSird's ghost (weakling MiBe)
  2235 | D:4      | Reached skill level 5 in Unarmed Combat
  2256 | D:4      | Reached XP level 5. HP: 50/50 MP: 4/4
  2282 | D:4      | Found a glowing drain.
  2320 | Sewer    | Entered a sewer
  3374 | D:4      | Reached skill level 6 in Unarmed Combat
  3454 | D:4      | Noticed Eustachio
  3476 | D:4      | Killed Eustachio
  3476 | D:4      | Reached skill level 7 in Unarmed Combat
  3476 | D:4      | Reached XP level 6. HP: 51/59 MP: 5/5
  3732 | D:5      | Entered Level 5 of the Dungeon
  3768 | D:5      | Found an ancient bone altar of Kikubaaqudgha.
  4021 | D:5      | Reached XP level 7. HP: 66/66 MP: 6/6
  4110 | D:5      | Found a glowing silver altar of Zin.
  4350 | D:5      | Reached skill level 8 in Unarmed Combat
  4425 | D:5      | Reached skill level 9 in Unarmed Combat
  4672 | D:5      | Reached XP level 8. HP: 67/74 MP: 7/7
  4673 | D:5      | Found a blossoming altar of Fedhas.
  5110 | D:5      | Reached skill level 10 in Unarmed Combat
  5248 | D:6      | Found a staircase to the Ecumenical Temple.
  5248 | D:6      | Noticed Grinder
  5256 | D:6      | Killed Grinder
  5256 | D:6      | Reached skill level 11 in Unarmed Combat
  5263 | Temple   | Entered the Ecumenical Temple
  5355 | D:6      | Found a large runed translucent door.
  5355 | D:6      | Found a large runed translucent door.
  5362 | D:6      | Noticed Menkaure
  5520 | D:6      | Noticed a hippogriff
  5537 | D:6      | Killed Menkaure
  5546 | D:6      | Killed a hippogriff
  5546 | D:6      | Reached XP level 9. HP: 43/80 MP: 8/8
  5580 | D:6      | Noticed cstieg1's ghost (novice DEFE)
  5622 | D:6      | Identified the +0 ring mail "Dosoa" {+Inv MP+9}
  5718 | D:6      | Reached skill level 12 in Unarmed Combat
  5748 | D:6      | Found a burning altar of Makhleb.
  5748 | D:6      | Noticed an Executioner
  6090 | D:7      | Found a bloodstained altar of Trog.
  6167 | D:7      | Found a runed translucent door.
  6167 | D:7      | Noticed filthincarnate's ghost (novice OpTm)
  6446 | D:7      | Found a sacrificial altar of Ru.
  6482 | D:7      | Reached skill level 13 in Unarmed Combat
  6541 | D:7      | Found a stormy altar of Qazlal.
  6544 | D:7      | Found a basalt altar of Yredelemnul.
  6593 | D:7      | Found a snail-covered altar of Cheibriados.
  6599 | D:7      | Became a worshipper of Cheibriados the Contemplative
  6892 | D:8      | Noticed a two-headed ogre
  6909 | D:8      | Killed a two-headed ogre
  6909 | D:8      | Reached XP level 10. HP: 53/88 MP: 9/9
  6910 | D:8      | Noticed Joseph
  6981 | D:8      | Killed Joseph
  6981 | D:8      | Reached skill level 14 in Unarmed Combat
  7060 | D:8      | Reached * piety under Cheibriados
  7250 | D:8      | Noticed a two-headed ogre
  7279 | D:8      | Killed a two-headed ogre
  7335 | D:8      | Noticed Erica
  7350 | D:8      | Killed Erica
  7350 | D:8      | Reached skill level 5 in Fighting
  7503 | D:8      | Found a sparkling altar of Nemelex Xobeh.
  7672 | D:8      | Reached ** piety under Cheibriados
  8267 | D:9      | Found a staircase to the Lair.
  8287 | D:9      | Reached XP level 11. HP: 68/104 MP: 10/10
  8293 | D:9      | Reached skill level 5 in Dodging
  8434 | D:9      | Reached *** piety under Cheibriados
  8442 | D:9      | Reached skill level 1 in Armour
  9102 | D:9      | Found a staircase to the Orcish Mines.
  9283 | D:9      | Found a runed translucent gate.
  9284 | D:9      | Found a runed translucent gate.
  9285 | D:9      | Found a runed translucent gate.
  9285 | D:9      | Noticed Kaysykka's ghost (novice TeCj)
  9423 | D:6      | Killed cstieg1's ghost
  9529 | D:4      | Killed cstieg1's ghost
  9531 | D:4      | Killed SSird's ghost
  9542 | D:4      | Learned a level 2 spell: Blink
  9657 | D:7      | Killed filthincarnate's ghost
  9750 | D:9      | Noticed a two-headed ogre
  9757 | D:9      | Killed a two-headed ogre
  9766 | Lair:1   | Entered Level 1 of the Lair of Beasts
  9944 | Lair:1   | Noticed a four-headed hydra
 10241 | Lair:1   | Killed a one-headed hydra
 10387 | Lair:1   | Reached skill level 5 in Invocations
 10912 | Lair:2   | Reached **** piety under Cheibriados
 10912 | Lair:2   | Reached skill level 15 in Unarmed Combat
 10934 | Lair:2   | Found a staircase to the Swamp.
 10989 | Lair:2   | Reached skill level 1 in Translocations
 11069 | Lair:2   | Reached XP level 12. HP: 111/111 MP: 15/15
 11082 | Lair:2   | Got a transparent tin ring
 11084 | Lair:2   | Identified the ring of the Fool {rF+ rC+} (You found it on
                  | level 2 of the Lair of Beasts)
 11208 | Lair:2   | Got a shimmering falchion
 11209 | Lair:2   | Identified the cursed +1 falchion of Popular Demand {venom,
                  | -Tele rPois Str+2} (You found it on level 2 of the Lair of
                  | Beasts)
 11349 | Lair:2   | Found a hole to the Spider Nest.
 11804 | Lair:3   | Reached ***** piety under Cheibriados
 12217 | Lair:4   | Noticed a six-headed hydra
 12233 | Lair:4   | Killed a four-headed hydra
 13110 | Lair:5   | Noticed a four-headed hydra
 13261 | Lair:5   | Noticed an eight-headed hydra
 13285 | Lair:5   | Reached skill level 5 in Translocations
 13363 | Lair:5   | Found a frozen archway.
 13385 | Lair:5   | Killed a five-headed hydra
 13417 | IceCv    | Entered an ice cave
 13426 | IceCv    | Reached skill level 16 in Unarmed Combat
 13560 | IceCv    | Reached XP level 13. HP: 67/119 MP: 15/17
 13594 | IceCv    | Got smoking ice dragon scales
 13605 | IceCv    | Identified the +2 ice dragon scales "Ymepren" {rF- rC++
                  | rN++ MR+++ Dex-2} (You found it in an ice cave)
 13831 | Lair:5   | Reached skill level 5 in Armour
 13863 | Lair:5   | Found a staircase to the Slime Pits.
 14250 | Lair:6   | Entered Level 6 of the Lair of Beasts
 14801 | Lair:6   | Reached skill level 1 in Evocations
 15133 | Lair:6   | Found a large runed translucent door.
 15133 | Lair:6   | Noticed a fire dragon
 15134 | Lair:6   | Found a large runed translucent door.
 15143 | Lair:6   | Reached ****** piety under Cheibriados
 15271 | Lair:6   | Killed a fire dragon
 15271 | Lair:6   | Reached skill level 5 in Evocations
 15271 | Lair:6   | Reached XP level 14. HP: 83/127 MP: 14/18
 15962 | Orc:1    | Entered Level 1 of the Orcish Mines
 16322 | Orc:2    | Entered Level 2 of the Orcish Mines
 16726 | Orc:2    | Found a staircase to the Elven Halls.
 16900 | Orc:2    | Reached skill level 5 in Shields
 16976 | Orc:2    | Found Guxta's Gadget Emporium.
 16976 | Orc:2    | Found Jalu's Book Shop.
 16978 | Orc:2    | Found Inwahuf's Gadget Emporium.
 16978 | Orc:2    | Found Tuawopan's Food Shop.
 17306 | Orc:2    | Bought a book of Battle for 480 gold pieces
 17309 | Orc:2    | Learned a level 2 spell: Song of Slaying
 17361 | Orc:2    | Bought a lightning rod (4/4) for 640 gold pieces
 17431 | D:10     | Entered Level 10 of the Dungeon
 17932 | D:10     | Reached skill level 1 in Charms
 18513 | D:11     | Got a faintly glowing golden amulet
 18541 | D:11     | Identified the amulet of Sloth {Inacc Str+3} (You found it
                  | on level 11 of the Dungeon)
 19055 | D:12     | Found Tuhoifuru's Hallowed Reliquary.
 19055 | D:12     | Found a glowing silver altar of Zin.
 19055 | D:12     | Noticed an angel
 19087 | D:12     | Bought a scroll of holy word for 82 gold pieces
 19087 | D:12     | Bought a scroll of holy word for 82 gold pieces
 19087 | D:12     | Bought a potion of heal wounds for 55 gold pieces
 19087 | D:12     | Bought a potion of curing for 33 gold pieces
 19087 | D:12     | Bought 2 potions of curing for 66 gold pieces
 19754 | D:13     | Found Gidur's Jewellery Shop.
 19764 | D:13     | Bought the ring of Vusal {rF+ Dex+3} for 475 gold pieces
 19785 | D:13     | Found Omanyf's Distillery.
 19824 | D:13     | Bought a potion of heal wounds for 60 gold pieces
 19826 | D:13     | Found Ciaj's Gadget Emporium.
 19987 | D:13     | Found a radiant altar of Vehumet.
 20103 | D:13     | Reached XP level 15. HP: 133/133 MP: 19/19
 20292 | D:13     | Found a gate to the Vaults.
 20472 | D:13     | Found Icuudock's Magic Scroll Shoppe.
 20480 | D:13     | Bought a scroll of teleportation for 39 gold pieces
 20480 | D:13     | Bought a scroll of fear for 45 gold pieces
 20571 | D:13     | Found Xetuepli's Food Boutique.
 20675 | D:14     | Noticed Agnes
 20695 | D:14     | Killed Agnes
 21375 | D:14     | Noticed Roxanne
 21920 | D:14     | Killed Roxanne
 21930 | D:14     | Learned a level 6 spell: Statue Form
 21975 | D:15     | Entered Level 15 of the Dungeon
 22043 | D:15     | Reached skill level 1 in Transmutations
 22088 | D:14     | Reached skill level 1 in Earth Magic
 22728 | D:15     | Found a staircase to the Depths.
 22949 | D:15     | Found the ring of Phasing {EV+8}
 23530 | Spider:1 | Entered Level 1 of the Spider Nest
 23546 | Spider:1 | Identified a scroll of acquirement
 23900 | Spider:1 | Reached skill level 5 in Transmutations
 24047 | D:13     | Bought an uncursed ring of see invisible for 240 gold
                  | pieces
 24281 | Spider:1 | Reached XP level 16. HP: 143/143 MP: 21/21
 24657 | Spider:2 | Reached skill level 5 in Earth Magic
 24866 | Spider:2 | Got a distressingly furry robe
 24877 | Spider:2 | Identified the +1 robe "Fadutipn" {Str+9} (You found it on
                  | level 2 of the Spider Nest)
 25565 | Spider:3 | Noticed Donald
 25575 | Spider:3 | Killed Donald
 26334 | Spider:4 | Entered Level 4 of the Spider Nest
 27395 | Spider:4 | Reached XP level 17. HP: 100/149 MP: 1/22
 27543 | Spider:4 | Got a gossamer rune of Zot
 28002 | Swamp:1  | Entered Level 1 of the Swamp
 28646 | Swamp:1  | You fall into a shaft and drop 1 floor!
 28901 | Swamp:2  | Reached skill level 10 in Earth Magic
 29183 | Swamp:2  | Noticed Frances
 29194 | Swamp:2  | Killed Frances
 29345 | Swamp:2  | Reached skill level 10 in Transmutations
 29476 | Swamp:3  | Reached skill level 1 in Spellcasting
 29769 | Swamp:3  | Identified the +2 robe "Caih" {rN+} (You found it on level
                  | 3 of the Swamp)
 29871 | Swamp:3  | Found a runed translucent gate.
 29871 | Swamp:3  | Found a runed translucent gate.
 29871 | Swamp:3  | Found a runed translucent gate.
 29874 | Swamp:3  | Noticed Ricegish's ghost (adept GnFi)
 29874 | Swamp:3  | Noticed xzight's ghost (adept MiBe)
 30028 | Swamp:3  | Identified Tosut's Grimoire of Destructive Cold
 30366 | Swamp:3  | Killed Ricegish's ghost
 30372 | Swamp:3  | Killed xzight's ghost
 30432 | Swamp:4  | Entered Level 4 of the Swamp
 30696 | Swamp:4  | Learned a level 1 spell: Confusing Touch
 30912 | Swamp:4  | Identified the +1 robe "Yttadus" {rC+++} (You found it on
                  | level 4 of the Swamp)
 31051 | Swamp:4  | Reached skill level 5 in Spellcasting
 31122 | Swamp:4  | Got a decaying rune of Zot
 31545 | D:9      | Killed Kaysykka's ghost
 31685 | Lair:5   | Reached XP level 18. HP: 154/157 MP: 22/25
 32270 | Vaults:1 | Entered Level 1 of the Vaults
 32546 | Vaults:1 | Noticed Rupert
 32555 | Vaults:1 | Killed Rupert
 32860 | Vaults:1 | Found Juluen's Magic Scroll Boutique.
 32868 | Vaults:1 | Bought a scroll of teleportation for 48 gold pieces
 32868 | Vaults:1 | Bought a scroll of teleportation for 48 gold pieces
 32868 | Vaults:1 | Bought a scroll of fog for 32 gold pieces
 32919 | Vaults:1 | Noticed Asterion
 32934 | Vaults:1 | Killed Asterion
 33528 | Vaults:2 | Paralysed by a great orb of eyes for 4 turns
 33855 | Vaults:2 | Learned a level 3 spell: Regeneration
 34168 | Vaults:2 | Found a staircase to the Crypt.
 34305 | Vaults:2 | Found Ciob's Magic Scroll Shop.
 34313 | Vaults:2 | Bought a scroll of blinking for 105 gold pieces
 34994 | Vaults:3 | Found Ekoidom's Gadget Shop.
 35040 | Vaults:3 | Reached XP level 19. HP: 165/165 MP: 22/26
 35843 | Vaults:3 | Found a runed translucent door.
 35845 | Vaults:3 | Noticed tamionv's ghost (adept GrFi)
 35855 | Vaults:3 | Killed tamionv's ghost
 36744 | Vaults:4 | Reached XP level 20. HP: 172/172 MP: 23/27
 36827 | Vaults:4 | Reached skill level 17 in Unarmed Combat
 37408 | D:13     | Bought an uncursed amulet of regeneration for 480 gold
                  | pieces
 37408 | D:13     | Bought an uncursed ring of protection from magic for 400
                  | gold pieces
 37568 | Elf:1    | Entered Level 1 of the Elven Halls
 37798 | Elf:1    | Identified the Papyrus of Combat Magic
 37982 | Elf:1    | Reached skill level 18 in Unarmed Combat
 38328 | Elf:1    | Found Zuimma's Assorted Antiques.
 38334 | Elf:1    | Bought a scroll labeled FUNKEE RUNONE for 35 gold pieces
 38334 | Elf:1    | Bought a scroll of identify for 70 gold pieces
 38628 | Elf:2    | Found Sudy's Book Shoppe.
 38801 | Elf:2    | Found a huge runed translucent gate.
 38803 | Elf:2    | Found a huge runed translucent gate.
 38806 | Elf:2    | Found a huge runed translucent gate.
 38807 | Elf:2    | Found a huge runed translucent gate.
 38807 | Elf:2    | Found a huge runed translucent gate.
 39142 | Elf:3    | Entered Level 3 of the Elven Halls
 40054 | Elf:3    | Reached skill level 10 in Fighting
 40054 | Elf:3    | Reached XP level 21. HP: 198/198 MP: 13/28
 40179 | Elf:3    | Identified the ring "Soikouw" {rC- Dex+4 SInv} (You found
                  | it on level 3 of the Elven Halls)
 40279 | Elf:3    | Identified Qoileh's Grimoire of Absence
 40303 | Elf:3    | Learned a level 1 spell: Apportation
 40660 | Crypt:1  | Entered Level 1 of the Crypt
 41016 | Crypt:1  | Found the +6 Majin-Bo {vamp, Archmagi MP+6 Int+6}
 41847 | Crypt:3  | Entered Level 3 of the Crypt
 42386 | Elf:2    | Bought a manual of Unarmed Combat for 1656 gold pieces
 42834 | Crypt:3  | Found a basalt altar of Yredelemnul.
 42882 | Crypt:3  | Reached skill level 19 in Unarmed Combat
 42989 | Crypt:3  | Noticed a profane servitor
 42989 | Crypt:3  | Identified the +8 hand axe of Wisdom {chop, Int+4}
 42990 | Crypt:3  | Found the +2 Maxwell's thermic engine {flame, freeze}
 42996 | Crypt:3  | Killed a profane servitor
 43061 | Crypt:3  | Reached skill level 20 in Unarmed Combat
 43220 | Crypt:3  | Found a staircase to the Tomb.
 43563 | Crypt:3  | Reached XP level 22. HP: 217/217 MP: 24/29
 43582 | Crypt:3  | Got a scintillating iron ring
 43584 | Crypt:3  | Identified the ring "Ippuad" {rC+ Int+2} (You found it on
                  | level 3 of the Crypt)
 43610 | Crypt:3  | Reached skill level 21 in Unarmed Combat
 45109 | Vaults:5 | Entered Level 5 of the Vaults
 45264 | Vaults:5 | Noticed a golden dragon
 45268 | Vaults:5 | Killed a golden dragon
 45268 | Vaults:5 | Reached skill level 10 in Dodging
 45329 | Vaults:5 | Got an ancient graven amulet
 45376 | Vaults:5 | Got a dazzling cloak
 45387 | Vaults:5 | Identified the -2 cloak of the Hidden Vale {rF+++ Regen+
                  | Dex+3} (You acquired it on level 5 of the Vaults)
 45562 | Vaults:5 | Got a silver rune of Zot
 45678 | Vaults:5 | Identified the amulet of Free Expression {Acrobat MR++
                  | Dex+4 Stlth-} (You found it on level 5 of the Vaults)
 45769 | Vaults:5 | Reached XP level 23. HP: 224/224 MP: 25/30
 45797 | Vaults:5 | Reached skill level 10 in Invocations
 45817 | Vaults:5 | Gained mutation: Scrolls take you a little longer to read.
                  | [a neqoxec]
 45884 | Vaults:5 | Paralysed by a floating eye for 4 turns
 45909 | Vaults:5 | Noticed Mennas
 45915 | Vaults:5 | Killed Mennas
 45940 | Vaults:5 | Found Hidinasekh's Jewellery Shoppe.
 45941 | Vaults:5 | Found Fuhepi Biam's Gadget Shoppe.
 47173 | Depths:1 | Entered Level 1 of the Depths
 47239 | Depths:1 | Found a huge runed gate.
 47239 | Depths:1 | Found a huge runed gate.
 47239 | Depths:1 | Found a huge runed gate.
 47239 | Depths:1 | Found a huge runed gate.
 47239 | Depths:1 | Found a huge runed gate.
 47239 | Depths:1 | Found a huge runed gate.
 47239 | Depths:1 | Found a huge runed gate.
 47260 | Depths:1 | Found a huge runed gate.
 47356 | Depths:1 | Found a huge runed gate.
 47356 | Depths:1 | Found a huge runed gate.
 47356 | Depths:1 | Found a huge runed gate.
 47356 | Depths:1 | Found a huge runed gate.
 47361 | Depths:1 | Found a huge runed gate.
 47361 | Depths:1 | Found a huge runed gate.
 47361 | Depths:1 | Found a huge runed gate.
 47361 | Depths:1 | Found a huge runed gate.
 47361 | Depths:1 | Found a huge runed gate.
 47361 | Depths:1 | Found a huge runed gate.
 47361 | Depths:1 | Found a huge runed gate.
 47362 | Depths:1 | Found a huge runed gate.
 47363 | Depths:1 | Found a huge runed gate.
 47364 | Depths:1 | Found a huge runed gate.
 47365 | Depths:1 | Found a huge runed gate.
 47366 | Depths:1 | Found a huge runed gate.
 47405 | Depths:1 | Found a huge runed gate.
 47406 | Depths:1 | Found a huge runed gate.
 47406 | Depths:1 | Found a huge runed gate.
 47406 | Depths:1 | Found a huge runed gate.
 47407 | Depths:1 | Found a huge runed gate.
 47407 | Depths:1 | Found a huge runed gate.
 47407 | Depths:1 | Found a huge runed gate.
 47408 | Depths:1 | Found a huge runed gate.
 47410 | Depths:1 | Found a huge runed gate.
 47419 | Depths:1 | Found a huge runed gate.
 47444 | Depths:1 | Found a huge runed gate.
 47510 | Depths:1 | Found a gateway to a ziggurat.
 47534 | Depths:1 | Found a gateway to Hell.
 47852 | Depths:2 | Found a one-way gate to the infinite horrors of the Abyss.
 47925 | Depths:2 | Found a one-way gate leading to the halls of Pandemonium.
 48015 | Depths:2 | Reached XP level 24. HP: 234/234 MP: 33/33
 48018 | Depths:2 | Reached skill level 15 in Invocations
 48573 | Depths:3 | Noticed Sojobo
 48623 | Depths:2 | Killed Sojobo
 49775 | Depths:3 | Reached skill level 22 in Unarmed Combat
 49798 | Depths:3 | Identified the Collected Works on Calling
 49803 | Depths:3 | Learned a level 1 spell: Summon Butterflies
 49855 | Depths:3 | Reached skill level 1 in Summonings
 49915 | Depths:3 | Got a twitching ivory ring
 49917 | Depths:3 | Identified the ring "Guys" {Str+3 Stlth+} (You found it on
                  | level 3 of the Depths)
 49949 | Depths:4 | Found Fobaemi's Food Emporium.
 49968 | Depths:4 | Reached skill level 5 in Summonings
 50048 | Depths:4 | Found Ychifisk's Armour Shoppe.
 50296 | Depths:4 | Noticed a juggernaut
 50302 | Depths:4 | Killed a juggernaut
 50390 | Depths:4 | Learned a level 4 spell: Passage of Golubria
 50393 | Depths:4 | Learned a level 2 spell: Passwall
 50592 | Depths:4 | Noticed a juggernaut
 50598 | Depths:4 | Killed a juggernaut
 50601 | Depths:4 | Identified the ring "Wiosh" {rPois rN+}
 50609 | Depths:4 | Reached XP level 25. HP: 241/241 MP: 33/33
 50707 | Depths:4 | Reached skill level 23 in Unarmed Combat
 50714 | Depths:4 | Identified Sif Muna's Catalogue of Mutagenic Contamination
 50786 | Depths:4 | Noticed a juggernaut
 50790 | Depths:4 | Identified the +8 great sword of the Moon {flame, rC++
                  | Str+6 Stlth-}
 50792 | Depths:4 | Noticed a juggernaut
 50800 | Depths:4 | Killed a juggernaut
 50803 | Depths:4 | Killed a juggernaut
 51022 | Depths:4 | Found a corrupted altar of Lugonu.
 51355 | Depths:5 | Entered Level 5 of the Depths
 51362 | Depths:5 | Reached skill level 24 in Unarmed Combat
 51489 | Depths:5 | Identified the +2 spear "Taamos" {pierce, -Tele +Inv rN+}
 51787 | Depths:5 | Reached skill level 25 in Unarmed Combat
 51992 | Depths:5 | Found a gate to the Realm of Zot.
 52217 | Zot:1    | Entered Level 1 of the Realm of Zot
 52415 | Zot:1    | Reached XP level 26. HP: 250/250 MP: 32/33
 52682 | Zot:1    | Reached skill level 26 in Unarmed Combat
 53171 | Zot:2    | Noticed an orb of fire
 53183 | Zot:1    | Killed an orb of fire
 53744 | Zot:2    | Reached skill level 27 in Unarmed Combat
 53755 | Zot:2    | Learned a level 9 spell: Shatter
 53893 | Zot:2    | Got a brightly glowing brass ring
 53895 | Zot:2    | Identified the ring of Nunysud {rF+ rN+ Str+3} (You found
                  | it on level 2 of the Realm of Zot)
 54394 | Zot:3    | Reached skill level 15 in Earth Magic
 54571 | Zot:3    | Reached XP level 27. HP: 258/258 MP: 28/33
 54652 | Zot:4    | Noticed an orb of fire
 54801 | Zot:3    | Killed an orb of fire
 55222 | Zot:5    | Entered Level 5 of the Realm of Zot
 55269 | Zot:5    | Noticed an orb of fire
 55269 | Zot:5    | Gained mutation: You are dopey. (Int -2) [an orb of fire]
 55420 | Zot:5    | Gained mutation: You are clumsy. (Dex -2) [an orb of fire]
 55421 | Zot:5    | Gained mutation: Armour fits poorly on your strangely
                  | shaped body. [an orb of fire]
 55423 | Zot:5    | Killed an orb of fire
 55697 | D:13     | Bought 2 potions of mutation for 192 gold pieces
 55697 | D:13     | Bought a potion of ambrosia for 96 gold pieces
 55697 | D:13     | Bought a potion of flight for 36 gold pieces
 55697 | D:13     | Bought a potion of curing for 36 gold pieces
 55697 | D:13     | Bought a potion of curing for 36 gold pieces
 55697 | D:13     | Bought a potion of curing for 36 gold pieces
 55697 | D:13     | Bought a potion of curing for 36 gold pieces
 55697 | D:13     | Bought a potion of curing for 36 gold pieces
 55795 | Vaults:2 | Bought a scroll of teleportation for 42 gold pieces
 55795 | Vaults:2 | Bought a scroll of magic mapping for 49 gold pieces
 55795 | Vaults:2 | Bought a scroll of fear for 49 gold pieces
 55795 | Vaults:2 | Bought 3 scrolls of teleportation for 126 gold pieces
 55882 | D:13     | Bought a scroll of magic mapping for 45 gold pieces
 55882 | D:13     | Bought a scroll of magic mapping for 45 gold pieces
 56030 | Orc:2    | Bought a ration for 50 gold pieces
 56030 | Orc:2    | Bought a ration for 50 gold pieces
 56030 | Orc:2    | Bought a ration for 50 gold pieces
 56030 | Orc:2    | Bought a ration for 50 gold pieces
 56030 | Orc:2    | Bought a ration for 50 gold pieces
 56030 | Orc:2    | Bought a ration for 50 gold pieces
 56030 | Orc:2    | Bought a ration for 50 gold pieces
 56030 | Orc:2    | Bought a ration for 50 gold pieces
 56030 | Orc:2    | Bought a ration for 50 gold pieces
 56030 | Orc:2    | Bought a ration for 50 gold pieces
 56030 | Orc:2    | Bought a ration for 50 gold pieces
 56199 | D:13     | Bought a ration for 55 gold pieces
 56199 | D:13     | Bought a ration for 55 gold pieces
 56199 | D:13     | Bought a ration for 55 gold pieces
 56199 | D:13     | Bought a ration for 55 gold pieces
 56199 | D:13     | Bought a ration for 55 gold pieces
 56199 | D:13     | Bought a ration for 55 gold pieces
 56199 | D:13     | Bought a ration for 55 gold pieces
 56199 | D:13     | Bought a ration for 55 gold pieces
 56199 | D:13     | Bought a ration for 55 gold pieces
 56199 | D:13     | Bought a ration for 55 gold pieces
 56199 | D:13     | Bought a ration for 55 gold pieces
 56349 | Depths:4 | Bought a ration for 70 gold pieces
 56349 | Depths:4 | Bought a ration for 70 gold pieces
 56349 | Depths:4 | Bought a ration for 70 gold pieces
 56349 | Depths:4 | Bought a ration for 70 gold pieces
 56349 | Depths:4 | Bought a ration for 70 gold pieces
 56349 | Depths:4 | Bought a ration for 70 gold pieces
 56349 | Depths:4 | Bought a ration for 70 gold pieces
 56349 | Depths:4 | Bought a ration for 70 gold pieces
 56349 | Depths:4 | Bought a ration for 70 gold pieces
 56349 | Depths:4 | Bought a ration for 70 gold pieces
 56349 | Depths:4 | Bought a ration for 70 gold pieces
 56605 | Elf:1    | Bought a potion of curing for 105 gold pieces
 56605 | Elf:1    | Bought a potion of magic for 280 gold pieces
 56605 | Elf:1    | Bought a scroll of blinking for 262 gold pieces
 57289 | Zot:5    | Noticed an ancient lich
 57289 | Zot:5    | Noticed an ancient lich
 57289 | Zot:5    | Gained mutation: You are weak. (Str -2) [an orb of fire]
 57289 | Zot:5    | Noticed an orb of fire
 57290 | Zot:5    | Noticed an orb of fire
 57293 | Zot:5    | Gained mutation: You are very weak. (Str -4) [an orb of
                  | fire]
 57295 | Zot:5    | Noticed an ancient lich
 57320 | Zot:5    | Noticed an orb of fire
 57320 | Zot:5    | Noticed an orb of fire
 57321 | Zot:5    | Gained mutation: Your spells are a little easier to cast,
                  | but a little less powerful. [an orb of fire]
 57321 | Zot:5    | Gained mutation: You tend to lose your temper in combat.
                  | [an orb of fire]
 57323 | Zot:5    | Noticed an ancient lich
 57323 | Zot:5    | Lost mutation: You tend to lose your temper in combat. [an
                  | orb of fire]
 57324 | Zot:5    | Killed from afar by an orb of fire

Levels and vault maps discovered:
D:1:      saegor_arrival_simple_a, layout_loops_ring
D:2:      layout_loops_ring, chequers_ecumenical_altar_island, first_ration,
          trog_three_pillars_becter
D:3:      layout_rooms, amethyst_killhole, kennysheep_generic_room_8
D:4:      layout_loops_ring, grunt_gozag_statues, gammafunk_ghost_cemetery,
          cheibrodos_sewer_entry_bend, uniq_eustachio
D:5:      minmay_octagon_keep, layout_basic, zin_scriptorium, fedhas_altar_3,
          kennysheep_mini, bh_walls_and_bars
D:6:      layout_loops_ring, makhleb_altar_promises_db,
          minmay_temple_entry_nine_rooms, ebering_ghost_disaster_area,
          serial_glass, glass_columns_b, glass_columns_c, corexii_shack,
          uniq_menkaure, uniq_grinder
D:7:      layout_loops_ring, lightli_temple_of_fire, nicolae_ru_awakened_eye,
          nicolae_overflow_hidden_temple, cheibriados_altar_1,
          hellmonk_ghost_happy_afterlife, the_bakery
D:8:      layout_layer_cave, nemelex_xobeh_ov_fountains_minmay, uniq_joseph,
          uniq_erica
D:9:      layout_loops_ring, erik_lair_orcish_takeover, orc_0_dummy,
          gammafunk_ghost_necromancy
D:10:     layout_cave_pods
D:11:     cheibrodos_orc_bank, layout_cave_pools
D:12:     lemuel_slime, layout_cave_pools, nicolae_good_shop
D:13:     layout_loops_ring, skrybe_vaults_entry_preservation, basic_altar,
          serial_shops, shop, shop, shop, shop, nicolae_shop_behind_doors
D:14:     layout_loops_corners, serial_glass, glass_columns_a, glass_columns_a,
          chequers_jeans, uniq_roxanne, uniq_agnes
D:15:     hangedman_depths_entry_try_elsewhere_first, layout_irregular_city,
          minmay_fountain_box
Temple:   compressed_dpeg_triangle_lava_temple
Lair:1:   layout_long_grid
Lair:2:   layout_misc_corridors, minmay_swamp_entry_wisps,
          spider_nest_entry_rubble
Lair:3:   layout_hall_layers
Lair:4:   layout_long_grid, serial_bayou_shore_b
Lair:5:   layout_hall_layers, dpeg_slime_entry_corner,
          portal_ice_cave_entry_imps, infiniplex_staircase_pool,
          minmay_lair_oklob_chamber
Lair:6:   cheibrodos_lair_end_hotspot, layout_cave_pods
Swamp:1:  layout_basic_swamp, evilmike_swamp_ruin_house_5, st_swamp_ruins_1
Swamp:2:  layout_basic_swamp, evilmike_swamp_ruin_house_3, uniq_frances
Swamp:3:  layout_basic_swamp, gammafunk_ghost_cemetery,
          evilmike_swamp_ruin_rubble_2, swamp_pool2
Swamp:4:  swamp_icy, layout_basic_swamp
Spider:1: layout_spider_delve
Spider:2: nicolae_spider_mines_3, nicolae_spider_ant_collections
Spider:3: layout_spider_delve, uniq_donald
Spider:4: guppyfry_spider_rune
Orc:1:    layout_caves
Orc:2:    grunt_orc_tribal_feast, layout_caves
Elf:1:    eino_elf_arrival_shootout, layout_loops_corners, serial_shops, shop,
          minmay_elf_annihilation
Elf:2:    layout_geoelf_octagon, serial_shops, shop
Elf:3:    minmay_elf_hall_quartered_circle, layout_onion_city
Vaults:1: sword_in_stone, v_misc_16, vaults_room_fancy_cross, vaults_mumra_hex,
          ontoclasm_vaults_shuriken, hangedman_vaults_cutoff,
          layout_vaults_omnigrid, serial_shops, shop, uniq_asterion
Vaults:2: vaults_room_fours, minmay_crypt_entry_vampire_xt,
          dpeg_vaults_monster_box, vaults_room_ringed_pool,
          grunt_vaults_hallway_short, vaults_dpeg_ring, v_misc_4,
          v_alt_pattern_5, nicolae_vaults_little_squares_5,
          nicolae_vaults_circle_grid_b, ontoclasm_vaults_ligature,
          ontoclasm_vaults_loading_screen, layout_vaults_omnicross,
          serial_shops, shop
Vaults:3: ebering_vaults_ghost_reflecting_pool, nicolae_vaults_shelves_hall,
          nicolae_vaults_what_the_h, vaults_room_door_hall, grunt_vaults_twisty,
          nicolae_vaults_little_squares_5, nicolae_vaults_little_squares_6,
          ontoclasm_vaults_claustrophobia, nicolae_vaults_little_ls,
          vaults_mumra_hexcomb, v_misc_30, dpeg_vaults_waves,
          grunt_vaults_trifunnel, nicolae_vaults_little_squares_6,
          layout_vaults_omnibox, serial_shops, shop
Vaults:4: vaults_mumra_chevron_long, nicolae_vaults_circle_grid_b,
          nicolae_vaults_inception_scallops, ontoclasm_vaults_ring_square,
          vaults_dpeg_cross, v_misc_31, nicolae_vaults_theta,
          ontoclasm_vaults_pinch, hangedman_vaults_stream, v_misc_18,
          grunt_vaults_bifocal, v_misc_5, st_smaller_cells, grunt_vaults_funnel,
          ontoclasm_vaults_fault, layout_vaults_maze_snakey
Vaults:5: uniq_mennas
Crypt:1:  layout_misc_corridors
Crypt:2:  layout_regular_city, roderic_lattice_octagonal_star
Crypt:3:  evilmike_haunted_forest
Depths:1: layout_cave_pools, enter_ziggurat_a, hell_entry,
          minmay_misc_feat_ornament, drop_trap, minivault_16, st_stairs_8,
          minmay_misc_feat_rows, door_vault
Depths:2: kennysheep_ambush_hall, layout_cave_pools, abyss_entry, pan_entry,
          grunt_hell_entry_dis_mu, kennysheep_cross_room, minmay_misc_feat_chi,
          corner_web_ring
Depths:3: evilmike_inaccessible_box, layout_basic, grunt_pan_entry_in_and_out,
          abyss_entry, hell_entry, chequers_serial_rivers_small_3,
          minmay_statues_item, kennysheep_path_1,
          onia_ninara_dug_in_and_dangerous, uniq_sojobo
Depths:4: minmay_the_grid_square_5x5_5x5
          [minmay_the_grid_square_5x5_almost_minimal,
          minmay_the_grid_square_5x5_empty,
          minmay_the_grid_square_5x5_hourglass,
          minmay_the_grid_square_5x5_eight,
          minmay_the_grid_square_5x5_beaten_path,
          minmay_the_grid_square_5x5_hollow_slash,
          minmay_the_grid_square_5x5_prize_junk,
          minmay_the_grid_square_5x5_two_small,
          minmay_the_grid_square_5x5_prize_monsterx,
          minmay_the_grid_square_5x5_intrusive_squares,
          minmay_the_grid_square_5x5_forky,
          minmay_the_grid_square_5x5_misaligned,
          minmay_the_grid_square_5x5_prize_snowflake,
          minmay_the_grid_square_5x5_v, minmay_the_grid_square_5x5_shrine2,
          minmay_the_grid_square_5x5_spiral,
          minmay_the_grid_square_5x5_prize_itemx,
          minmay_the_grid_square_5x5_checkered_sparse,
          minmay_the_grid_square_5x5_prize_pseudospiral,
          minmay_the_grid_square_5x5_percent, minmay_the_grid_square_5x5_six,
          minmay_the_grid_square_5x5_lines,
          minmay_the_grid_square_5x5_two_walls_b,
          minmay_the_grid_square_5x5_bracketed,
          minmay_the_grid_square_5x5_trominoes], layout_honeycomb,
          abyss_entry_flame_altar, hell_entry, serial_shops,
          nicolae_shop_behind_doors, shop, hangedman_decor_opposing
Depths:5: grunt_zot_entry_tricorne, layout_cave_pools, grunt_hell_horde,
          rand_demon_pan_entry_7, nrook_mini_backslash
Zot:1:    layout_onion_interference, grunt_ministairs_3
Zot:2:    gammafunk_mikee_crab_dinner, layout_misc_corridors,
          hangedman_zot_wheel_spokes, st_stairs_6
Zot:3:    layout_basic
Zot:4:    layout_misc_corridors
Zot:5:    layout_onion

Skill      XL: |  1  2  3  4  5  6  7  8  9 10 11 12 13 14 15 16 17 18 19 20 21 22 23 24 25 26 27 |
---------------+----------------------------------------------------------------------------------+-----
Unarmed Combat | 3 4 5 7 9 11 13 14 15 16 18 20 21 22 25 27 | 27.0
Fighting       | 5 10 12 | 12.7
Dodging        | 4 5 11 12 | 12.0
Armour         | 4 8 |  8.0
Invocations    | 5 7 9 14 15 | 15.9
Translocations | 2 5 |  5.8
Evocations     | 5 |  5.1
Shields        | 8 9 |  9.0
Charms         | 3 |  3.9
Transmutations | 5 9 10 12 14 | 14.1
Earth Magic    | 4 7 10 11 13 15 18 | 18.6
Spellcasting   | 5 |  5.7
Summonings     | 6 |  6.0

Action                   |  1- 3 |  4- 6 |  7- 9 | 10-12 | 13-15 | 16-18 | 19-21 | 22-24 | 25-27 || total
-------------------------+-------+-------+-------+-------+-------+-------+-------+-------+-------++-------
Melee: Unarmed           |   108 |   271 |   254 |   620 |  1281 |  1176 |  1015 |   808 |   688 ||  6221
       Scimitar          |       |       |       |    15 |       |       |       |       |       ||    15
       Falchion          |       |       |       |       |       |    16 |       |       |       ||    16
 Fire: Hunting sling     |       |       |       |    33 |       |       |       |       |       ||    33
Throw: Dart              |       |     4 |     9 |       |       |       |       |       |       ||    13
       Stone             |       |       |     1 |    21 |     2 |       |       |       |       ||    24
       Large rock        |       |       |       |       |       |     2 |       |       |     1 ||     3
 Cast: Blink             |       |       |       |     1 |     3 |     2 |       |       |     4 ||    10
       Song of Slaying   |       |       |       |       |       |    13 |     7 |     2 |     2 ||    24
       Statue Form       |       |       |       |       |       |    24 |    78 |    60 |    64 ||   226
       Regeneration      |       |       |       |       |       |     5 |    15 |     6 |     6 ||    32
       Confusing Touch   |       |       |       |       |       |       |     1 |       |       ||     1
       Apportation       |       |       |       |       |       |       |       |     1 |       ||     1
       Summon Butterflie |       |       |       |       |       |       |       |     1 |       ||     1
Invok: Bend Time         |       |       |       |     4 |     6 |     8 |       |       |     3 ||    21
       Temporal Distorti |       |       |       |     2 |     1 |       |     3 |     1 |     3 ||    10
       Slouch            |       |       |       |     1 |     7 |    12 |    11 |    11 |     6 ||    48
       Step From Time    |       |       |       |       |       |       |       |     1 |     2 ||     3
 Abil: End Transformatio |       |       |       |       |       |       |       |       |     5 ||     5
Evoke: Wand              |       |       |       |    16 |    27 |    38 |     8 |     4 |     1 ||    94
       Lamp of fire      |       |       |       |       |     4 |     2 |     3 |     3 |       ||    12
       Lightning rod     |       |       |       |       |     1 |       |     8 |       |       ||     9
       Box of beasts     |       |       |       |       |     1 |       |       |       |       ||     1
  Use: Scroll            |     4 |     7 |     4 |    20 |    13 |     6 |     4 |     6 |     5 ||    69
       Potion            |       |       |     7 |     5 |     1 |     6 |     2 |       |     7 ||    28
 Stab: Sleeping          |       |     1 |     2 |     1 |       |     1 |     4 |       |       ||     9
       Invisible         |       |       |       |     1 |       |       |       |       |       ||     1
       Distracted        |       |       |       |     1 |       |       |       |     1 |     1 ||     3
       Paralysed         |       |       |       |       |       |    11 |       |       |       ||    11
       Confused          |       |       |       |       |       |     2 |       |       |       ||     2
       Petrified         |       |       |       |       |       |       |       |       |     1 ||     1
  Eat: Chunk             |    20 |    22 |    27 |    42 |    75 |    78 |    78 |    86 |    80 ||   508
       Ration            |       |       |       |       |     1 |     5 |     7 |     2 |     1 ||    16
Armor: Robe              |    42 |    65 |    67 |    82 |     5 |     2 |     2 |       |       ||   265
       Ice dragon scales |       |       |       |       |   336 |   269 |       |       |       ||   605
       Swamp dragon scal |       |       |       |       |       |    74 |       |       |       ||    74
       Skin              |       |       |       |       |       |    67 |   271 |   222 |   208 ||   768
       Troll leather arm |       |       |       |       |       |       |    12 |    17 |     9 ||    38
Dodge: Dodged            |    32 |    45 |    71 |   199 |   410 |   888 |   714 |   950 |   941 ||  4250
Block: Shield            |    43 |    72 |    73 |   227 |   643 |   907 |   744 |   787 |   574 ||  4070
       Reflection        |       |       |       |       |       |       |       |     8 |       ||     8
       Rpst.: Scimitar   |       |       |       |     1 |       |       |       |       |       ||     1
